 Dungeon Crawl Stone Soup version 0.32-a0-913-g739538afd8 (webtiles) character file.

Game seed: 15251734576462953631

6296 Newt the Fighter (level 10, -3/74 HPs)
             Began as a Gargoyle Monk on Apr 9, 2024.
             Was an Initiate of Gozag.
             Slain by a lich (8 damage)
             ... on level 1 of the Abyss.
             The game lasted 00:08:55 (7739 turns).

Newt the Fighter (Gargoyle Monk)                    Turns: 7739, Time: 00:08:55

Health: -3/74      AC: 15    Str: 18    XL:     10   Next: 94%
Magic:  0/19       EV: 14    Int: 10    God:    Gozag
Gold:   475        SH:  0    Dex: 12    Spells: 9/9 levels left

rFire   . . .        x - +2 morningstar (flame)
rCold   . . .        d - orb {light}
rNeg    + . .        b - +0 robe
rPois   ∞            (helmet restricted)
rElec   +            o - +2 cloak
rCorr   .            L - +2 pair of gloves of Tomorrow {rElec rPois Str-2}
SInv    .            (no boots)
Will    .....        e - amulet of guardian spirit
Stlth   +            j - ring of magical power
HPRegen 1.12/turn    (no ring)
MPRegen 0.16/turn

%: guardian spirit
@: gold aura, slowed, glowing, very slow
A: sickness immunity, AC +7, negative energy resistance 1, electricity
resistance, torment resistance 1, petrification resistance, antennae 1,
regeneration 1, robust 1, sturdy frame 1
a: Renounce Religion, Potion Petition, Call Merchant, Bribe Branch


You were on level 1 of the Abyss.
You worshipped Gozag.
Gozag was aware of your devotion.
You visited 2 branches of the dungeon, and saw 10 of its levels.
You visited the Abyss 1 time.
You also visited: Ossuary.

You collected 972 gold pieces.
You spent 497 gold pieces at shops.

Inventory:

Hand Weapons
 a - a +0 mace of electrocution
 x - a +2 morningstar of flaming (weapon)
Armour
 b - a +0 robe (worn)
 d - an orb of light (worn)
 o - a +2 cloak (worn)
 L - the +2 pair of gloves of Tomorrow (worn) {rElec rPois Str-2}
   (You bought it in a shop on level 1 of the Dungeon)

   Str-2:     It affects your strength (-2).
   rElec:     It insulates you from electricity.
   rPois:     It protects you from poison.
Jewellery
 e - an amulet of guardian spirit (around neck)
 j - a ring of magical power (left hand)
 B - the ring "Icvai" {Fire Stlth+}
   (You found it on level 6 of the Dungeon)

   [ring of fire]

   Fire:      It enhances your fire magic.
   rF+:       It protects you from fire.
   rC-:       It makes you vulnerable to cold.
   Stlth+:    It makes you more stealthy.
Wands
 u - a wand of roots (24)
 C - a wand of charming (10)
 N - a wand of quicksilver (6)
Scrolls
 f - 3 scrolls of vulnerability
 i - a scroll of amnesia
 m - 2 scrolls of immolation
 n - 2 scrolls of enchant armour
 p - 6 scrolls of brand weapon
 q - 3 scrolls of fog
 v - a scroll of torment
 y - a scroll of revelation
 G - a scroll of noise
 I - a scroll of silence
 K - a scroll of teleportation {unknown}
 M - a scroll of blinking {unknown}
Potions
 c - a potion of ambrosia
 h - a potion of mutation
 k - 2 potions of curing
 l - a potion of cancellation {unknown}
 r - a potion of berserk rage {unknown}
 s - a potion of enlightenment {unknown}
 t - 2 potions of attraction
 z - a potion of resistance {unknown}
 A - a potion of haste {unknown}
 E - a potion of brilliance {unknown}
 F - a potion of might {unknown}
 H - a potion of degeneration {unknown}
 J - a potion of lignification {unknown}


   Skills:
 + Level 10.8 Fighting
 * Level 9.1 Maces & Flails
 - Level 4.1 Armour
 - Level 8.2 Dodging


You had 9 spell levels left.
You didn't know any spells.
Your spell library contained the following spells:

 Spells                   Type           Power      Damage    Failure   Level
 Freeze                   Ice            0%         1d3       36%         1
 Scorch                   Fire           0%         2d5       50%         2
 Dazzling Flash           Conj/Hex       0%         N/A       75%         3
 Frozen Ramparts          Ice            0%         1d1       75%         3
 Mephitic Cloud           Conj/Alch/Air  0%         N/A       75%         3
 Ozocubu's Armour         Ice            0%         N/A       75%         3
 Curse of Agony           Necr           0%         N/A       100%        5
 Metabolic Englaciation   Hex/Ice        0%         N/A       100%        5
 Silence                  Hex/Air        0%         N/A       100%        5
 Haunt                    Necr/Summ      0%         N/A       100%        7
 Ozocubu's Refrigeration  Ice            0%         4d7       100%        7
 Infestation              Necr           0%         N/A       100%        8
 Animate Dead             Necr           Unusable   N/A       N/A         4

Dungeon Overview and Level Annotations

Branches:
Dungeon (9/15)             Temple (1/1) D:7         Ossuary (visited)
   Lair: D:8-11         Orc: D:9-12

Altars:
Ashenzari
Cheibriados
Dithmenos
Elyvilon
Fedhas
Gozag
Hepliaklqana
Kikubaaqudgha
Makhleb
Nemelex Xobeh
Okawaru
Qazlal
Ru
Sif Muna
Trog
Uskayaw
Vehumet
Wu Jian
Xom
Yredelemnul
Zin
The Shining One

Shops:
D:1 (![   D:3 *


Innate Abilities, Weirdness & Mutations

You are immune to sickness and miasma.
Your stone body is resilient. (AC +7)
You are immune to poison.
You resist negative energy. (rN+)
You are resistant to electric shocks. (rElec)
You are resistant to unholy torment.
You are immune to petrification.
You have a pair of small antennae on your head.
Your natural rate of healing is unusually fast.
You are robust. (+10% HP)
Your movements are slightly less encumbered by armour. (ER -2)


Message History

The bolt of poison misses the lich.
The bolt of poison misses you.
You puncture the lich! You burn the lich.
The lich is severely damaged.
Your lich touches the green death!
The lich casts a spell at you.
You barely resist.
The green death is distracted by your dazzling golden aura.
The green death roars!
You hit the lich. You burn the lich.
The lich is almost destroyed.
Your lich casts a spell at the green death.
The bolt of cold hits the green death!!!
The green death is no longer distracted by gold.
You feel a bit more experienced. The lich casts a spell at you.
You feel yourself slow down.
Your lich casts a spell at the green death.
The bolt of cold hits the green death!!!
The green death dies!
The lich touches you but does no damage.
Your Maces & Flails skill increases to level 9!
You hit the lich but do no damage.
The lich is almost destroyed.
Your lich dissolves into shadows!
The lich barely misses you.
The lich touches you but does no damage.
Unknown command.
You hit the lich. You burn the lich.
The lich is almost destroyed.
The lich casts a spell at you. The bolt of cold hits you!!
* * * LOW HITPOINT WARNING * * *
The lich touches you but does no damage.
The rakshasa barely misses you.
You hit the lich but do no damage.
The lich is almost destroyed.
The lich touches you but does no damage.
The lich touches you!
You die...
Your body crumbles into a pile of gold.

#. . .##
#. # . #
.# .°
X.# ##.
# ○#
#..##..2
# #☼# #
...... w
# ☼°#
.#.. #
.. #..#
.... ##
○°##R##
.. #.
##L.#
... #.#
.##@###
.# .####
# . #
#°####
.. ##


You could see a lich (fast, invisible) and a rakshasa.

Vanquished Creatures
  A tentacled starspawn (Abyss:1)
  A thrashing horror (Abyss:1)
  2 manticores
  A kobold demonologist (D:7)
  Grinder (D:3)
  Sigmund (D:6)
  2 wyverns
  Menkaure (Ossuary)
  2 water moccasins
  An ice beast (D:6)
  An ogre (D:5)
  4 centaurs
  3 kobold brigands
  3 scorpions
  A troll zombie (Ossuary)
  11 wights
  21 killer bees
  3 bombardier beetles
  3 centaur zombies (Ossuary)
  A jelly (D:5)
  2 orc priests
  3 hounds
  An iguana (D:5)
  2 orc wizards
  An ogre zombie (Ossuary)
  6 mummies (Ossuary)
  6 adders
  A shadow imp (D:4)
  7 adder zombies (Ossuary)
  3 dart slugs (D:1)
  11 orcs
  3 bats
  5 endoplasms
  2 giant cockroaches (D:4)
  6 goblins
  7 hobgoblins
  3 jackals (D:1)
  5 quokkas
  5 ball pythons
  8 frilled lizards
  2 gnoll zombies (Ossuary)
  A goblin zombie (Ossuary)
  2 hobgoblin zombies (Ossuary)
  19 kobolds
  2 kobold zombies (Ossuary)
  2 orc zombies (Ossuary)
  5 quokka zombies (Ossuary)
  5 rats
  4 rat zombies (Ossuary)
193 creatures vanquished.

Vanquished Creatures (collateral kills)
  A green death (Abyss:1)
  An iron imp (Abyss:1)
2 creatures vanquished.

Vanquished Creatures (others)
  16 starspawn tentacles (Abyss:1)
16 creatures vanquished.

Grand Total: 211 creatures vanquished

Notes
Turn   | Place    | Note
-------+----------+-------------------------------------------
     0 | D:1      | Newt the Gargoyle Monk began the quest for the Orb.
     0 | D:1      | Reached XP level 1. HP: 14/14 MP: 1/1
    38 | D:1      | Reached XP level 2. HP: 16/19 MP: 2/2
   124 | D:1      | Found Hesusuogo's Weapon Shop.
   160 | D:1      | Found Ocar Xom's Distillery.
   269 | D:1      | Reached XP level 3. HP: 23/24 MP: 3/3
   513 | D:1      | Found Orghybi's Antique Armour Boutique.
  1712 | D:3      | Noticed Grinder
  1717 | D:3      | Paralysed by Grinder for 5 turns
  1725 | D:3      | Paralysed by Grinder for 3 turns
  1731 | D:3      | Killed Grinder
  1732 | D:3      | Reached skill level 4 in Fighting
  1732 | D:3      | Reached skill level 5 in Maces & Flails
  1732 | D:3      | Reached XP level 4. HP: 25/30 MP: 4/4
  1732 | D:3      | Reached XP level 5. HP: 29/34 MP: 5/5
  1732 | D:3      | Reached XP level 6. HP: 34/40 MP: 6/6
  1876 | D:3      | Found a glowing silver altar of Zin.
  2008 | D:3      | Found Kemannyst's Assorted Antiques.
  2019 | D:3      | Bought a scroll labelled ACWICI DOPED for 19 gold pieces
  2038 | D:3      | Reached skill level 5 in Fighting
  2038 | D:3      | Reached skill level 1 in Armour
  2269 | D:3      | Found a burning altar of Makhleb.
  2269 | D:3      | Noticed a cacodemon
  2355 | D:3      | Bought a runed morningstar for 133 gold pieces
  3347 | D:5      | Entered Level 5 of the Dungeon
  3492 | D:5      | Reached XP level 7. HP: 41/44 MP: 7/7
  3705 | D:5      | Reached skill level 6 in Fighting
  4042 | D:6      | Got Sif Muna's Omnibus of the Boreal Bonfire
  4181 | D:6      | Noticed Sigmund
  4190 | D:6      | Killed Sigmund
  4191 | D:6      | Reached XP level 8. HP: 45/52 MP: 8/8
  4230 | D:6      | Identified the ring "Icvai" {Fire Stlth+}
  4260 | D:6      | Found a hide-covered altar of Uskayaw.
  4283 | D:6      | Gained mutation: Your movements are slightly less
                  | encumbered by armour. (ER -2) [potion of mutation]
  4283 | D:6      | Gained mutation: You are robust. (+10% HP) [potion of
                  | mutation]
  4283 | D:6      | Gained mutation: You have a pair of small antennae on your
                  | head. [potion of mutation]
  4283 | D:6      | Gained mutation: Your natural rate of healing is unusually
                  | fast. [potion of mutation]
  4439 | D:6      | Reached skill level 7 in Fighting
  4448 | D:6      | Reached skill level 5 in Dodging
  4565 | D:6      | Found a sparkling altar of Nemelex Xobeh.
  4778 | D:1      | Bought a potion of heal wounds for 60 gold pieces
  4924 | D:7      | Found a sand-covered staircase.
  4970 | Ossuary  | Entered an ossuary
  5249 | Ossuary  | Noticed Menkaure
  5254 | Ossuary  | Killed Menkaure
  5258 | Ossuary  | Reached XP level 9. HP: 53/63 MP: 9/9
  5426 | D:7      | Found a glowing golden altar of the Shining One.
  5435 | D:7      | Found a staircase to the Ecumenical Temple.
  5469 | Temple   | Entered the Ecumenical Temple
  5481 | Temple   | Became a worshipper of Gozag Ym Sagoz the Greedy
  5537 | D:7      | Reached skill level 8 in Fighting
  5804 | D:7      | Reached skill level 9 in Fighting
  5819 | D:7      | Noticed a kobold demonologist
  5828 | D:7      | Killed a kobold demonologist
  5840 | D:7      | Found an iron altar of Okawaru.
  5964 | D:7      | Found a shimmering altar of Xom.
  6011 | D:7      | Reached XP level 10. HP: 72/72 MP: 10/10
  6235 | D:1      | Bought a pair of pitted gloves for 285 gold pieces
  6235 | D:1      | Identified the +2 pair of gloves of Tomorrow {rElec rPois
                  | Str-2} (You bought it in a shop on level 1 of the Dungeon)
  6529 | D:8      | Found a broken altar of Ashenzari.
  6581 | D:8      | Noticed a manticore
  6603 | D:8      | Killed a manticore
  6604 | D:8      | Reached skill level 10 in Fighting
  6790 | D:8      | Found a radiant altar of Vehumet.
  7327 | D:9      | Noticed a manticore
  7339 | D:9      | Killed a manticore
  7611 | Abyss:1  | Cast into level 1 of the Abyss (orc warrior)
  7639 | Abyss:1  | Noticed a green death
  7658 | Abyss:1  | Noticed a tentacled starspawn
  7695 | Abyss:1  | Noticed an unseen horror
  7698 | Abyss:1  | Noticed a rakshasa
  7707 | Abyss:1  | Noticed a thrashing horror
  7708 | Abyss:1  | Noticed a lich
  7718 | Abyss:1  | Killed a tentacled starspawn
  7730 | Abyss:1  | Killed a thrashing horror
  7736 | Abyss:1  | Killed a green death
  7738 | Abyss:1  | HP: 3/74 [lich/bolt of cold (25)]
  7739 | Abyss:1  | Slain by a lich

Illustrated notes

Levels and vault maps discovered:
D:1:      roderic_chinese_lattice_arrival, layout_rooms, serial_shops,
          nicolae_shop_getting_attention, nicolae_shop_hallway_stairs, shop,
          minmay_misc_feat_ornament
D:2:      layout_basic, item_on_display_a
D:3:      layout_basic, mainiacjoe_overflow_brackets, makhleb_altar_promises_db,
          serial_shops, nicolae_shop_overgrown_old_shop, uniq_grinder
D:4:      layout_basic
D:5:      layout_basic
D:6:      layout_rooms, nemelex_spade_bored_becter, nicolae_uskayaw_suspiria,
          uniq_sigmund
D:7:      layout_basic, tso_oasis_becter, mainiacjoe_overflow_six_doors_small,
          old_standard_altar, minmay_temple_entry_drinking_statues,
          nicolae_ossuary_entry_false_entrances, minmay_splitting_lines
D:8:      nicolae_BIG_FREAKIN_CUBE, layout_gridville, overflow_temple_1_default,
          nicolae_vehumet_radiance
D:9:      layout_irregular_city
Temple:   nicolae_temple_god_jail
Abyss:1:  base: D:3, base: D:2, evilmike_abyss_exit_11

Skill      XL: |  1  2  3  4  5  6  7  8  9 10 |
---------------+-------------------------------+-----
Maces & Flails | 5 9 |  9.1
Fighting       | 4 5 6 7 9 10 | 10.8
Armour         | 3 4 |  4.1
Dodging        | 4 6 8 |  8.2

Action                     |  1- 3 |  4- 6 |  7- 9 | 10-12 || total
---------------------------+-------+-------+-------+-------++-------
  Melee: Mace              |   116 |    18 |       |       ||   134
         Morningstar       |       |    42 |   241 |   120 ||   403
    Use: Scroll            |       |     7 |     9 |     3 ||    19
         Potion            |       |       |     1 |     4 ||     5
   Stab: Distracted        |       |       |       |     1 ||     1
 Armour: Robe              |   123 |    27 |   172 |   169 ||   491
  Dodge: Dodged            |   124 |    30 |   209 |   154 ||   517

Table legend: (Time is in decaauts)
 A = Elapsed time spent in this place.
 B = Non-inter-level travel time spent in this place.
 C = Inter-level travel time spent in this place.
 D = Time resting spent in this place.
 E = Time spent auto-exploring this place.
 F = Levels seen in this place.
 G = Mean time per level.
                   A        B        C        D        E       F      G
               +--------+--------+--------+--------+--------+-----+--------+
         Total |   7854 |   7086 |    768 |    224 |   5475 |  12 |  654.5 |
       Dungeon |   7279 |   6533 |    746 |    224 |   5247 |   9 |  808.8 |
        Temple |     22 |      1 |     21 |      0 |      0 |   1 |   22.0 |
         Abyss |    129 |    129 |      0 |      0 |      0 |   1 |  129.0 |
       Ossuary |    421 |    421 |      0 |      0 |    228 |   1 |  421.0 |
               +--------+--------+--------+--------+--------+-----+--------+

Top non-repeatable levels by time:
     D:3: 1018 daAuts
     D:2: 969 daAuts
     D:8: 890 daAuts
     D:7: 869 daAuts
     D:4: 832 daAuts
     D:1: 823 daAuts
     D:5: 771 daAuts
     D:6: 729 daAuts
 Ossuary: 421 daAuts
     D:9: 376 daAuts
 Abyss:1: 129 daAuts
  Temple: 22 daAuts
